 Dungeon Crawl Stone Soup version 0.31.0-9-g3a7656b989 (webtiles) character file.

Game seed: 1349323148104092942

2128 qw the Skirmisher (level 9, -4/54 HPs)
             Began as a Deep Elf Hunter on Feb 2, 2024.
             Was a Believer of Okawaru.
             Killed from afar by an electric eel (15 damage)
             ... with a bolt of electricity
             ... on level 6 of the Dungeon.
             The game lasted 00:00:19 (4356 turns).

qw the Skirmisher (Deep Elf Hunter)                 Turns: 4356, Time: 00:00:20

Health: -4/54      AC: 10    Str: 12    XL:     9   Next: 8%
Magic:  14/14      EV: 14    Int: 15    God:    Okawaru [**....]
Gold:   212        SH:  0    Dex: 26    Spells: 8/8 levels left

rFire   . . .        j - +1 longbow (freeze)
rCold   . . .        (shield currently unavailable)
rNeg    . . .        a - +2 ring mail of the Blessed Realm {Will+ Dex+8}
rPois   .            f - +0 helmet
rElec   .            (no cloak)
rCorr   .            c - +0 pair of gloves
SInv    .            q - +0 pair of boots
Will    +....        (no amulet)
Stlth   ++           (no ring)
HPRegen 0.29/turn    (no ring)
MPRegen 0.14/turn

%: no passive effects
@: no status effects
A: no striking features
a: Renounce Religion, Heroism


You were on level 6 of the Dungeon.
You worshipped Okawaru.
Okawaru was pleased with you.
You visited 2 branches of the dungeon, and saw 7 of its levels.

You collected 237 gold pieces.
You spent 25 gold pieces at shops.


   Skills:
 - Level 5.0 Fighting
 + Level 12.4 Ranged Weapons
 - Level 1.4 Armour
 - Level 5.0 Dodging
 - Level 1.2 Stealth
 - Level 4.1 Invocations


You had 8 spell levels left.
You didn't know any spells.
Your spell library was empty.

Inventory:

Hand Weapons
 j - a +1 longbow of freezing (weapon)
Armour
 a - the +2 ring mail of the Blessed Realm (worn) {Will+ Dex+8}
   (You found it on level 3 of the Dungeon)

   Dex+8:     It affects your dexterity (+8).
   Will+:     It increases your willpower.
 c - a +0 pair of gloves (worn)
 f - a +0 helmet (worn)
 q - a +0 pair of boots (worn)
Wands
 i - a wand of polymorph (9)
 n - a wand of flame (20)
Scrolls
 b - a scroll of teleportation
Potions
 e - 2 potions of heal wounds
 g - 3 potions of curing
 k - a potion of might {unknown}
 l - a potion of resistance {unknown}
 r - a potion of cancellation {unknown}
 s - a potion of enlightenment {unknown}
 t - 2 potions of haste

Dungeon Overview and Level Annotations

Branches:
Dungeon (6/15)             Temple (1/1) D:4

Altars:
Ashenzari
Cheibriados
Dithmenos
Elyvilon
Gozag
Hepliaklqana
Makhleb
Nemelex Xobeh
Okawaru
Qazlal
Ru
Sif Muna
Trog
Vehumet
Wu Jian
Xom
Yredelemnul
Zin
The Shining One

Shops:
D:1 *(((=

Annotations:
D:3 1 runed translucent door, Crazy Yiuf
D:6 exclusion: 4 electric eels


Message History

You shoot an arrow.
The arrow barely misses the electric eel.
The arrow hits the plant.
The plant begins to die.
The arrow freezes the plant.
The plant is lightly damaged.
You shoot an arrow.
The arrow closely misses the electric eel.
The arrow hits the plant!!
The arrow freezes the plant.
The plant is lightly damaged.
The electric eel shoots out a bolt of lightning at you!
The bolt of electricity hits you!
The electric eel shoots out a bolt of lightning at you!
The bolt of electricity hits the plant!
The bolt of electricity misses the electric eel.
The bolt of electricity hits you!
The electric eel shoots out a bolt of lightning at you!
The bolt of electricity hits the plant!
The bolt of electricity hits the electric eel.
The electric eel completely resists.
The bolt of electricity misses you.
The electric eel shoots out a bolt of lightning at you!
The bolt of electricity misses the electric eel.
The bolt of electricity misses you.
An electric eel comes into view.
Enter note:
Enter note:
Enter note:
Enter note:
Enter note:
Enter note:
Enter note:
Enter note:
Enter note:
Enter note:
Enter note:
Enter note:
Enter note:
Enter note:
Enter note: The electric eel shoots out a bolt of lightning at you!
The bolt of electricity hits you! x2
You die...
P~~~~~~ ~~~~~P~ ~~~~~~S~~~~~~~~~~~~~ ~~~~~~~~~~~~~~~~P7~ ~~~~~S~~~~~~~~~PP~~ ~~~~P~~~~~~~~~~~~ ~SP~~P~~~~P7~~7P~7 77S7

7P~~7~~P~~7P7~ #..7
7~~~7~~~7~7.#
#.@##777..7.7.##..#
#.............##.##
########.#.........
##.......###
##.....## #....##
#.#.## #.#.# #.#.#


You could see 3 electric eels.

Vanquished Creatures
  Pikel (D:4)
  A sky beast (D:6)
  An orc warrior (D:6)
  2 ice beasts (D:5)
  2 ogres
  A phantom (D:5)
  A gnoll sergeant (D:6)
  5 scorpions (D:5)
  2 bombardier beetles
  3 orc priests (D:6)
  3 hounds
  4 sleepcaps
  2 iguanas (D:6)
  Ijyb (D:4)
  Terence (D:3)
  8 gnolls
  7 adders
  4 dart slugs
  8 orcs
  9 endoplasms
  4 giant cockroaches
  6 goblins
  4 hobgoblins
  2 jackals (D:2)
  A quokka (D:2)
  9 ball pythons
  2 bats (D:1)
  2 frilled lizards
  5 kobolds
  7 rats
108 creatures vanquished.

Notes
Turn   | Place    | Note
-------+----------+-------------------------------------------
     0 | D:1      | qw the Deep Elf Hunter began the quest for the Orb.
     0 | D:1      | Reached XP level 1. HP: 12/12 MP: 3/3
     0 | D:1      | 0 ||| qw: Version: 0.3-a-155-g5e7d8dd
     0 | D:1      | 0 ||| qw: Game counter: 220
     0 | D:1      | 0 ||| qw: Melee chars always use a shield: true
     0 | D:1      | 0 ||| qw: God list: Okawaru
     0 | D:1      | 0 ||| qw: Allow faded altars: false
     0 | D:1      | 0 ||| qw: Do Orc after clearing Dungeon:15 true
     0 | D:1      | 0 ||| qw: Do second Lair branch before Depths: true
     0 | D:1      | 0 ||| qw: Lair rune preference: random
     0 | D:1      | 0 ||| qw: Goals: Normal
     0 | D:1      | 0 ||| PLANNING D:1-11
    86 | D:1      | Found Geerul's Jewellery Emporium.
   215 | D:1      | Found Bablip's Antique Weapon Emporium.
   264 | D:1      | Found Erphintou's Assorted Antiques.
   269 | D:1      | 269 ||| BUYING fizzy clear potion (25 gold).
   269 | D:1      | Bought a fizzy clear potion for 25 gold pieces
   269 | D:1      | 269 ||| SHOPLISTING inky potion (25 gold, have 14).
   269 | D:1      | 269 ||| SHOPLISTING scroll labelled GOAZIS SIDWEWA (28
                  | gold, have 14).
   269 | D:1      | 269 ||| SHOPLISTING scroll labelled NOWOONO EM BUI (28
                  | gold, have 14).
   285 | D:1      | Found Dejessaj's Weapon Shop.
   371 | D:1      | Reached XP level 2. HP: 16/16 MP: 4/4
   402 | D:1      | Reached skill level 6 in Ranged Weapons
   665 | D:1      | Found Nyampoih's Weapon Emporium.
   788 | D:1      | 788 ||| SHOPLISTING +6 ring of dexterity (468 gold, have
                  | 27).
   788 | D:1      | 788 ||| SHOPLISTING +6 ring of strength (468 gold, have
                  | 27).
   788 | D:1      | 788 ||| SHOPLISTING amulet of regeneration (390 gold, have
                  | 27).
   788 | D:1      | 788 ||| SHOPLISTING ring of ice (325 gold, have 27).
   788 | D:1      | 788 ||| SHOPLISTING ring of positive energy (260 gold, have
                  | 27).
   788 | D:1      | 788 ||| SHOPLISTING ring of protection from fire (325 gold,
                  | have 27).
   876 | D:1      | 876 ||| UPGRADING to +0 helmet.
   881 | D:1      | 881 ||| UPGRADING to +0 ring mail.
   891 | D:1      | 891 ||| DROPPING +0 leather armour.
   892 | D:1      | 892 ||| DROPPING ring of wizardry.
   893 | D:1      | 893 ||| READING scroll labelled WUAREZ ZINIRPH.
   893 | D:1      | 893 ||| ENCHANTING +0 shortbow.
   894 | D:1      | 894 ||| READING scroll labelled GIDYJO CIP.
   894 | D:1      | 894 ||| IDENTIFYING pink potion
   895 | D:1      | 895 ||| DROPPING scroll of butterflies.
   896 | D:1      | 896 ||| DROPPING potion of brilliance.
  1092 | D:2      | Reached XP level 3. HP: 20/20 MP: 5/5
  1224 | D:2      | Reached skill level 7 in Ranged Weapons
  1277 | D:2      | 1277 ||| READING scroll of enchant weapon.
  1277 | D:2      | 1277 ||| ENCHANTING +1 shortbow.
  1540 | D:2      | 1540 ||| UPGRADING to +0 pair of gloves.
  1545 | D:2      | 1545 ||| READING 2 scrolls of identify.
  1545 | D:2      | 1545 ||| IDENTIFYING golden potion
  1546 | D:2      | 1546 ||| READING scroll of identify.
  1546 | D:2      | 1546 ||| IDENTIFYING inky potion
  1547 | D:2      | 1547 ||| READING scroll labelled ATAXUO LUGACHI.
  1550 | D:2      | 1550 ||| DROPPING potion of ambrosia.
  1657 | D:3      | Reached XP level 4. HP: 8/25 MP: 6/6
  1657 | D:3      | 1657 ||| FLEEEEING.
  1666 | D:3      | Reached skill level 8 in Ranged Weapons
  1821 | D:3      | 1821 ||| SWAPPING to +0 longbow.
  1822 | D:3      | 1822 ||| DROPPING +2 shortbow.
  1940 | D:3      | Noticed Terence
  1946 | D:3      | Killed Terence
  1947 | D:3      | Reached XP level 5. HP: 15/29 MP: 7/7
  2182 | D:3      | Identified the +2 ring mail of the Blessed Realm {Will+
                  | Dex+8}
  2278 | D:3      | Found a runed translucent door.
  2279 | D:3      | Noticed Crazy Yiuf
  2282 | D:3      | 2282 ||| UPGRADING to +2 ring mail of the Blessed Realm
                  | {Will+ Dex+8}.
  2292 | D:3      | 2292 ||| DROPPING +0 ring mail.
  2293 | D:3      | 2293 ||| READING scroll labelled XEMARO CIY.
  2294 | D:3      | 2294 ||| READING scroll labelled GOAZIS SIDWEWA.
  2296 | D:3      | 2296 ||| Stepping ~*~*~tactically~*~*~ (cloud).
  2582 | D:4      | Reached skill level 3 in Dodging
  2678 | D:4      | Identified the +10 war axe "Ibbemori" {flame, *Noise rElec
                  | Dex+5}
  2779 | D:4      | Found a staircase to the Ecumenical Temple.
  2780 | D:4      | 2780 ||| PLANNING TEMPLE
  2781 | D:4      | 2781 ||| READING scroll labelled GIGGAT ANUX.
  2782 | D:4      | 2782 ||| READING scroll labelled JUFFAF SYING.
  2782 | D:4      | 2782 ||| BRANDING +0 longbow.
  2783 | D:4      | 2783 ||| DRINKING 2 yellow potions.
  2784 | D:4      | 2784 ||| DROPPING potion of degeneration.
  2792 | Temple   | Entered the Ecumenical Temple
  2793 | Temple   | 2793 ||| PLANNING OKAWARU WORSHIP
  2798 | Temple   | Became a worshipper of Warmaster Okawaru
  2799 | Temple   | 2799 ||| PLANNING D:1-11
  2891 | D:4      | Reached skill level 9 in Ranged Weapons
  3064 | D:4      | Noticed Pikel
  3064 | D:4      | Noticed a lemure
  3065 | D:4      | Noticed a lemure
  3066 | D:4      | 3066 ||| RETREEEEATING.
  3067 | D:4      | 3067 ||| RETREEEEATING.
  3071 | D:4      | Noticed a lemure
  3072 | D:4      | Noticed a lemure
  3079 | D:4      | Killed Pikel
  3079 | D:4      | Reached * piety under Okawaru
  3080 | D:4      | Reached XP level 6. HP: 30/40 MP: 8/8
  3080 | D:4      | Reached XP level 7. HP: 33/44 MP: 9/9
  3162 | D:4      | Noticed Ijyb
  3165 | D:4      | Killed Ijyb
  3215 | D:4      | 3215 ||| READING 3 scrolls labelled FOUTHRA SODAOMN.
  3216 | D:4      | 3216 ||| DROPPING 2 scrolls of noise.
  3234 | D:5      | Entered Level 5 of the Dungeon
  3236 | D:5      | Reached skill level 1 in Invocations
  3242 | D:5      | Reached skill level 1 in Armour
  3252 | D:5      | Found a shimmering altar of Xom.
  3260 | D:5      | Reached ** piety under Okawaru
  3365 | D:5      | Reached skill level 3 in Invocations
  3365 | D:5      | Reached XP level 8. HP: 41/49 MP: 12/12
  3635 | D:5      | Reached skill level 10 in Ranged Weapons
  3924 | D:5      | Found a sparkling altar of Nemelex Xobeh.
  3933 | D:5      | Reached skill level 11 in Ranged Weapons
  3975 | D:5      | 3975 ||| UPGRADING to +0 pair of boots.
  3980 | D:5      | 3980 ||| READING 4 scrolls of identify.
  3980 | D:5      | 3980 ||| IDENTIFYING silvery potion
  3981 | D:5      | 3981 ||| READING 3 scrolls of identify.
  3981 | D:5      | 3981 ||| IDENTIFYING brown potion
  3982 | D:5      | 3982 ||| READING 2 scrolls of identify.
  3982 | D:5      | 3982 ||| IDENTIFYING fizzy clear potion
  3983 | D:5      | 3983 ||| READING scroll of identify.
  3983 | D:5      | 3983 ||| IDENTIFYING ruby potion
  3984 | D:5      | 3984 ||| READING scroll labelled OHAFALIUJI.
  3985 | D:5      | 3985 ||| READING scroll labelled FAEVIT ASOGUO.
  3986 | D:5      | 3986 ||| DRINKING 3 red potions.
  3987 | D:5      | 3987 ||| DROPPING potion of invisibility.
  3988 | D:5      | 3988 ||| DROPPING potion of lignification.
  3989 | D:5      | 3989 ||| DROPPING potion of attraction.
  4138 | D:6      | Reached skill level 12 in Ranged Weapons
  4161 | D:6      | Reached XP level 9. HP: 54/54 MP: 14/14
  4242 | D:6      | 4242 ||| READING scroll of enchant weapon.
  4242 | D:6      | 4242 ||| ENCHANTING +0 longbow of freezing.
  4356 | D:6      | HP: 11/54 [electric eel/bolt of electricity (7)]
  4356 | D:6      | Killed from afar by an electric eel

Levels and vault maps discovered:
D:1:      nzn_arrival_crosshair, layout_loops_ring, serial_shops,
          nicolae_shop_tiny_waterfront, shop, nicolae_shop_waterfront, shop,
          nicolae_shop_bloodbath_and_beyond
D:2:      layout_basic
D:3:      layout_basic, uniq_terence, uniq_crazy_yiuf_cottage
D:4:      layout_basic, minmay_temple_entry_glassed_door, minmay_quadrilaterals,
          uniq_pikel, uniq_ijyb
D:5:      wad_river_or_something, layout_cave_pools,
          mainiacjoe_overflow_tiny_flanked, nemelex_dance_club_becter,
          saegor_snake_ambush
D:6:      lemuel_ratsnest, layout_loops_ring, serial_bayou_lake_a
Temple:   sentei_temple_godly_chess

Skill      XL: |  1  2  3  4  5  6  7  8  9 |
---------------+----------------------------+-----
Ranged Weapons | 6 7 8 9 12 | 12.4
Dodging        | 3 4 5 |  5.0
Fighting       | 5 |  5.0
Invocations    | 3 4 |  4.1
Armour         | 1 |  1.4
Stealth        | |  1.2

Action                     |  1- 3 |  4- 6 |  7- 9 || total
---------------------------+-------+-------+-------++-------
   Fire: Shortbow          |    84 |    17 |       ||   101
         Longbow           |       |    65 |   120 ||   185
    Use: Scroll            |     6 |     4 |     8 ||    18
         Potion            |       |     1 |     1 ||     2
 Armour: Leather armour    |     1 |       |       ||     1
         Ring mail         |    10 |    16 |    34 ||    60
  Dodge: Dodged            |    11 |    16 |    22 ||    49

Table legend:
 A = Non-vault XP
 B = Vault XP
 C = Vault XP percentage of total XP
 D = Non-vault monster count
 E = Vault monster count
 F = Vault count percentage of total count
                 A         B        C        D         E       F
            +---------+---------+-------+---------+---------+-------
      Total |    1686 |    1355 |  44.6 |      88 |      20 |  18.5
            +---------+---------+-------+---------+---------+-------
        D:1 |      25 |       0 |   0.0 |      17 |       0 |   0.0
        D:2 |      53 |       0 |   0.0 |      18 |       0 |   0.0
        D:3 |     110 |      36 |  24.7 |      12 |       1 |   7.7
        D:4 |     109 |     721 |  86.9 |      13 |       6 |  31.6
        D:5 |     615 |     598 |  49.3 |      13 |      13 |  50.0
        D:6 |     774 |       0 |   0.0 |      15 |       0 |   0.0
            +---------+---------+-------+---------+---------+-------
